 Dungeon Crawl Stone Soup version bcrawl-1.20 (webtiles) character file.

Game seed: 2421090024942800415

1686 Mrkan the Spear-Bearer (level 8, -3/71 HPs)
             Began as a Minotaur Fighter on Jan 20, 2020.
             Was a Follower of Nemelex Xobeh.
             Slain by a killer bee (7 damage)
             ... on level 5 of the Dungeon.
             The game lasted 00:05:39 (4716 turns).

Mrkan the Spear-Bearer (Minotaur Fighter)           Turns: 4716, Time: 00:05:40

Health: -3/71      AC: 10    Str: 23    XL:     8   Next: 71%
Magic:  9/9        EV:  6    Int:  5    God:    Nemelex Xobeh [*.....]
Gold:   551        SH: 10    Dex: 10    Spells: 7/7 levels left

rFire    . . .     SeeInvis .   a - +0 trident
rCold    . . .     Gourm    .   c - +0 shield
rNeg     . . .     Faith    .   p - +0 chain mail
rPois    .         Spirit   .   (helmet restricted)
rElec    .         Reflect  .   (no cloak)
rCorr    .         Harm     .   (no gloves)
MR       .....                  (no boots)
Stlth    ..........             (no amulet)
HPRegen  0.21/turn              (no ring)
MPRegen  0.11/turn              (no ring)

@: lethally poisoned (-3 -> -17)
A: retaliatory headbutt, horns 2
a: Draw Escape, Draw Destruction, Draw Summoning, Renounce Religion


You were on level 5 of the Dungeon.
You worshipped Nemelex Xobeh.
Nemelex Xobeh was aware of your devotion.
You were not hungry.

You visited 1 branch of the dungeon, and saw 6 of its levels.

You collected 551 gold pieces.

Inventory:

Hand Weapons
 a - a +0 trident (weapon)
Armour
 c - a +0 shield (worn)
 p - a +0 chain mail (worn)
Jewellery
 h - an uncursed ring of protection from magic {unknown}
 k - a cursed amulet of inaccuracy {unknown}
 t - a +4 ring of strength {unknown}
 B - an uncursed amulet of guardian spirit {unknown}
Wands
 y - a wand of random effects (7)
Scrolls
 f - 2 scrolls of fear {unknown}
 i - 2 scrolls of remove curse {unknown}
 j - a scroll of blinking {unknown}
 m - 3 scrolls of teleportation {unknown}
 n - a scroll of enchant weapon {unknown}
 r - 4 scrolls of identify {unknown}
 s - 2 scrolls of amnesia {unknown}
 x - a scroll of immolation {unknown}
Potions
 b - 3 potions of curing {unknown}
 d - 2 potions of might
 g - a potion of cancellation {unknown}
 l - a potion of haste {unknown}
 o - a potion of invisibility
 q - 2 potions of degeneration {unknown}
 u - a potion of brilliance {unknown}
 w - 2 potions of agility
 z - a potion of mutation {unknown}
 A - a potion of berserk rage {unknown}
Comestibles
 e - 9 rations {!d}
 v - 2 chunks of flesh


   Skills:
 + Level 6.7 Fighting
 * Level 8.4 Polearms
 + Level 6.6 Armour
 + Level 6.7 Shields
 + Level 3.3 Invocations


You had 7 spell levels left.
You didn't know any spells.
Your spell library was empty.

Dungeon Overview and Level Annotations

Branches:
Dungeon (6/12)             Temple (0/1) D:4

Altars:
Nemelex Xobeh
Sif Muna
Xom
Yredelemnul
Zin

Shops:
D:5 (


Innate Abilities, Weirdness & Mutations

You reflexively headbutt those who attack you in melee.
You have a pair of horns on your head.


Message History

You feel sick.
The killer bee stings you but does no damage. x3
You block the killer bee's attack.
Your shield and chain mail prevent you from hitting the killer bee.
The killer bee is almost dead.
* * * LOW HITPOINT WARNING * * *
You feel sick.
The killer bee stings you but does no damage. x2
The killer bee stings you.
* * * LOW HITPOINT WARNING * * *
You are more poisoned.
The killer bee poisons you! The killer bee stings you.
* * * LOW HITPOINT WARNING * * *
You hit the killer bee.
The killer bee is moderately wounded.
* * * LOW HITPOINT WARNING * * *
You feel sick. You block the killer bee's attack. x2
The killer bee stings you!
You die...
Your body disappears without a glow.

##.######## #.# #....##
...)......# #.# #....#
#.##.####.#####.######
####.# #.##.#
#.#..........# #.# #.##.#
#.#.###.####.# #.# #.##.#
#.#.# #.# #.# #.# #.##.#
#.#.# #.## #.# #.# #.##.#
#.#.# #.y# #.# #.##
#.##.# #.#.# ##@# #.#
#.## ..##.# #.#.# #y# #.#
#.#. ####.# #.#.# #.# #.#
###.## ####.#
#.#.####.###.## #.....
.....#
#.#...........######.....
######
#.######.##..............
#######.#
##.##...######.....
#.......# #..###.##
#..... #.####### #.## #.#
##..##


You could see 2 killer bees.

Vanquished Creatures
  Sigmund (D:4)
  Edmund (D:5)
  An ice beast (D:3)
  A sky beast (D:4)
  An orc warrior (D:4)
  An ogre (D:2)
  A centaur (D:5)
  A bullfrog (D:4)
  A big kobold (D:6)
  2 scorpions
  3 crimson imps
  A bullfrog zombie (D:5)
  A bullfrog skeleton (D:4)
  2 hounds
  A jelly (D:5)
  An orc wizard (D:5)
  A centaur skeleton (D:5)
  A gnoll shaman (D:5)
  2 iguanas
  5 worker ants
  4 gnolls (D:5)
  6 adders
  3 shadow imps (D:5)
  2 oozes
  An adder skeleton (D:5)
  3 worms
  2 dart slugs
  4 leopard geckos
  5 orcs
  6 bats
  4 giant cockroaches
  7 goblins
  15 hobgoblins
  9 jackals
  A quokka (D:2)
  3 frilled lizards
  A jackal skeleton (D:2)
  9 kobolds
  3 rats
117 creatures vanquished.

Vanquished Creatures (others)
  A toadstool (D:6)
1 creature vanquished.

Grand Total: 118 creatures vanquished

Notes
Turn   | Place    | Note
-------+----------+-------------------------------------------
     0 | D:1      | Mrkan the Minotaur Fighter began the quest for the Orb.
     0 | D:1      | Reached XP level 1. HP: 19/19 MP: 0/0
   102 | D:1      | Reached XP level 2. HP: 26/27 MP: 1/1
   271 | D:1      | Reached skill level 3 in Polearms
   599 | D:1      | Reached XP level 3. HP: 33/33 MP: 2/2
   869 | D:2      | Noticed an ogre
   876 | D:2      | Killed an ogre
   876 | D:2      | Reached skill level 4 in Polearms
   876 | D:2      | Reached XP level 4. HP: 13/41 MP: 3/3
  1349 | D:2      | Reached XP level 5. HP: 47/47 MP: 4/4
  1823 | D:3      | Noticed an ice beast
  1833 | D:3      | Killed an ice beast
  1833 | D:3      | Reached skill level 5 in Polearms
  1884 | D:3      | Reached XP level 6. HP: 53/55 MP: 5/5
  1917 | D:3      | Found a glowing silver altar of Zin.
  1920 | D:3      | Found a shimmering blue altar of Sif Muna.
  2188 | D:3      | Found a sparkling altar of Nemelex Xobeh.
  2201 | D:3      | Became a worshipper of Nemelex Xobeh the Trickster
  2218 | D:3      | Received a gift from Nemelex Xobeh
  2350 | D:3      | Reached skill level 5 in Fighting
  2412 | D:4      | Reached skill level 5 in Armour
  2412 | D:4      | Reached skill level 5 in Shields
  2458 | D:4      | Noticed an orc warrior
  2475 | D:4      | Killed an orc warrior
  2475 | D:4      | Reached skill level 1 in Invocations
  2856 | D:4      | Reached skill level 6 in Polearms
  2856 | D:4      | Reached XP level 7. HP: 54/61 MP: 6/6
  3082 | D:4      | Found a basalt altar of Yredelemnul.
  3089 | D:4      | Found a shimmering altar of Xom.
  3238 | D:4      | Found a staircase to the Ecumenical Temple.
  3244 | D:4      | Noticed Sigmund
  3252 | D:4      | Killed Sigmund
  3373 | D:4      | Reached skill level 7 in Polearms
  3688 | D:4      | Reached XP level 8. HP: 70/70 MP: 8/8
  3751 | D:5      | Entered Level 5 of the Dungeon
  3855 | D:5      | Noticed Edmund
  3876 | D:5      | Killed Edmund
  3890 | D:5      | Reached * piety under Nemelex Xobeh
  4057 | D:5      | Found Jepussemn's Antique Weapon Boutique.
  4293 | D:5      | Reached skill level 8 in Polearms
  4716 | D:5      | Slain by a killer bee

Skill      XL: |  1  2  3  4  5  6  7  8 |
---------------+-------------------------+-----
Polearms       | 3 4 5 6 7 8 |  8.4
Fighting       | 4 5 6 |  6.7
Armour         | 4 5 6 |  6.6
Shields        | 4 5 6 |  6.7
Invocations    | 1 2 3 |  3.3

Action                   |  1- 3 |  4- 6 |  7- 9 || total
-------------------------+-------+-------+-------++-------
Melee: Trident           |    62 |   144 |   167 ||   373
       Headbutt          |    13 |    22 |    32 ||    67
 Abil: Draw Destruction  |       |     1 |       ||     1
  Eat: Chunk             |       |     6 |     6 ||    12
Armor: Scale mail        |    16 |    45 |       ||    61
       Chain mail        |       |     7 |    66 ||    73
Dodge: Dodged            |    19 |    34 |    36 ||    89
Block: Shield            |    34 |    81 |    98 ||   213
